 Dungeon Crawl Stone Soup version 0.21.1-1-g345015f (webtiles) character file.

562 Kairos the Cudgeler (level 7, 0/41 HPs)
             Began as a Gargoyle Gladiator on Mar 27, 2018.
             Killed by nerve-wracking pain
             ... invoked by an orc priest
              (6 damage)
             ... on level 3 of the Dungeon.
             The game lasted 00:13:39 (4077 turns).

Kairos the Cudgeler (Gargoyle Gladiator)            Turns: 4077, Time: 00:13:41

Health: 0/41       AC: 12    Str: 18    XL:     7   Next: 31%
Magic:  7/7        EV: 11    Int:  8    God:
Gold:   224        SH:  0    Dex: 13    Spells: 3/6 levels left

rFire    . . .     SeeInvis .   g - +1 whip (vamp)
rCold    . . .     Gourm    .   (no shield)
rNeg     + . .     Faith    .   s - +0 scale mail
rPois    ∞         Spirit   .   c - +0 helmet
rElec    +         Reflect  .   (no cloak)
rCorr    .         Harm     .   (no gloves)
MR       .....                  (no boots)
Stlth    ..........             h - amulet of regeneration
HPRegen  0.53/turn              (no ring)
MPRegen  0.10/turn              (no ring)

@: no status effects
A: negative energy resistance 1, electricity resistance, unbreathing,
petrification resistance, rot immunity, AC +4
a: no special abilities


You were on level 3 of the Dungeon.
You were not hungry.

You visited 1 branch of the dungeon, and saw 4 of its levels.

You collected 224 gold pieces.

Inventory:

Hand Weapons
 a - a +0 flail
 g - a +1 vampiric whip (weapon)
 q - a +2 flail of protection
 v - a +3 mace
Missiles
 d - 3 throwing nets (quivered)
Armour
 b - a +0 leather armour
 c - a +0 helmet (worn)
 m - a +0 ring mail
 s - a +0 scale mail (worn)
Jewellery
 h - an amulet of regeneration (around neck)
Wands
 f - a wand of polymorph (8)
Scrolls
 e - a scroll of immolation
 i - a scroll of magic mapping
 j - 4 scrolls of teleportation
 o - 3 scrolls of remove curse
 r - 2 scrolls of fear {unknown}
 u - a scroll of amnesia {unknown}
Potions
 l - 2 potions of haste
 n - 2 potions of mutation {unknown}
Books
 p - a book of Misfortune

   Spells                             Type                      Level
   a - Confusing Touch                Hexes                        1
   b - Confuse                        Hexes                        3
   c - Gell's Gravitas                Translocation                3
   d - Petrify                        Transmutation/Earth          4
   e - Metabolic Englaciation         Hexes/Ice                    5
   f - Yara's Violent Unravelling     Hexes/Transmutation          5
Comestibles
 k - a ration


   Skills:
 + Level 3.4 Fighting
 + Level 5.7 Maces & Flails
 + Level 1.8 Throwing
 + Level 3.2 Armour
 + Level 4.0 Dodging
 + Level 0.6 Stealth


You had 3 spell levels left.
You knew the following spells:

 Your Spells              Type           Power        Failure   Level  Hunger
a - Confuse               Hex            #.......     99%         3    ####...


Dungeon Overview and Level Annotations

Branches:
Dungeon (4/15)             Temple (0/1) D:4

Altars:
Trog

Annotations:
D:3 bmj180's ghost, amateur MiFi


Innate Abilities, Weirdness & Mutations

You are resistant to torment.
Your stone body is resilient. (AC +4)
You are immune to poison.
You resist negative energy. (rN+)
You are resistant to electric shocks. (rElec)
You can survive without breathing.
You are immune to petrification.
You are immune to rotting.


Message History

The orc priest hits you but does no damage.
The orc hits you but does no damage.
You hit the orc priest.
You feel better.
The orc priest is severely wounded.
The orc priest hits you but does no damage.
You hit the orc priest but do no damage.
The orc priest is severely wounded.
The orc barely misses you. The orc priest completely misses you.
You hit the orc priest but do no damage.
The orc priest is severely wounded.
The orc hits you.
* * * LOW HITPOINT WARNING * * *
The orc priest misses you.
You hit the orc priest.
The orc priest is almost dead.
The orc hits you.
* * * LOW HITPOINT WARNING * * *
The orc priest mumbles some strange prayers to Beogh against you.
Pain shoots through your body!
You die...

≈≈.≈≈.).≈#..≈≈≈#..##.............
≈.[...<.[..<≈≈....##.....#..##...
≈(..≈.W.≈≈#.≈≈≈..................
#≈≈≈≈≈≈≈≈≈.≈≈≈≈#..#....#.#....#..
≈≈≈≈≈≈#≈#≈≈≈≈≈#...#.#..#.#).#.#..
≈≈≈≈≈≈≈≈≈≈≈≈≈.#...#.#.......#.'..
≈#≈≈#≈≈≈≈≈≈≈≈#...#............#..
#≈≈≈≈≈#≈≈≈≈≈...o)#..##........#..
##.≈≈≈≈≈≈≈...###@o..##........###
..##≈≈.≈≈##..# ###..##........#
.#####....#..# ##.##........# ##
####...## ##.##........# #####
#...########## #...# #...# #...#
#...#


You could see an orc priest and an orc.

Vanquished Creatures
  An ogre (D:4)
  4 orc priests
  A hound (D:3)
  A bullfrog skeleton (D:4)
  An orc wizard (D:2)
  2 worker ants
  A gnoll (D:4)
  6 adders
  An ooze (D:2)
  An adder zombie (D:1)
  2 worms (D:2)
  9 dart slugs
  5 leopard geckos
  20 orcs
  2 ball pythons
  5 giant cockroaches
  7 goblins
  8 hobgoblins
  2 jackals (D:2)
  9 bats
  6 frilled lizards
  10 kobolds
  A leopard gecko skeleton (D:4)
  A quokka skeleton (D:4)
  A quokka zombie (D:1)
  10 rats
117 creatures vanquished.

Notes
Turn   | Place    | Note
-------+----------+-------------------------------------------
     0 | D:1      | Kairos the Gargoyle Gladiator began the quest for the Orb.
     0 | D:1      | Reached XP level 1. HP: 12/12 MP: 1/1
   104 | D:1      | Reached XP level 2. HP: 16/17 MP: 2/2
   447 | D:1      | Reached XP level 3. HP: 21/21 MP: 3/3
  1170 | D:2      | Reached skill level 1 in Armour
  1188 | D:2      | Reached XP level 4. HP: 27/27 MP: 4/4
  1281 | D:2      | Found a bloodstained altar of Trog.
  1328 | D:2      | Reached skill level 4 in Maces & Flails
  1620 | D:2      | Reached XP level 5. HP: 31/31 MP: 5/5
  1643 | D:3      | Noticed bmj180's ghost (amateur MiFi)
  2321 | D:3      | Reached XP level 6. HP: 36/36 MP: 6/6
  2351 | D:3      | Learned a level 3 spell: Confuse
  3628 | D:4      | Reached skill level 5 in Maces & Flails
  3774 | D:4      | Reached XP level 7. HP: 35/41 MP: 7/7
  3987 | D:4      | Found a staircase to the Ecumenical Temple.
  4077 | D:3      | Killed from afar by an orc priest

Skill      XL: |  1  2  3  4  5  6  7 |
---------------+----------------------+-----
Dodging        | 3 4 |  4.0
Armour         | 1 2 3 |  3.2
Maces & Flails | 4 5 |  5.7
Fighting       | 3 |  3.4
Throwing       | |  1.8
Stealth        | |  0.6

Action                   |  1- 3 |  4- 6 |  7- 9 || total
-------------------------+-------+-------+-------++-------
Melee: Flail             |    18 |       |       ||    18
       Whip              |   158 |   462 |    95 ||   715
  Use: Scroll            |     4 |     2 |       ||     6
  Eat: Ration            |     1 |     1 |       ||     2
       Chunk             |     2 |     6 |     1 ||     9
Armor: Leather armour    |    30 |       |       ||    30
       Ring mail         |    28 |   182 |       ||   210
       Scale mail        |       |    63 |    45 ||   108
Dodge: Dodged            |   106 |   350 |    45 ||   501
